 Dungeon Crawl Stone Soup version 0.29.0-3-gbb0933ed62 (webtiles) character file.

Game seed: 9615017188283475793

408 Gate88 the Digger (level 6, -3/32 HPs)
             Began as a Gargoyle Earth Elementalist on Aug 25, 2022.
             Slain by a wight
             ... wielding a +4 long sword
              (4 damage)
             ... on level 5 of the Dungeon.
             The game lasted 00:08:01 (4392 turns).

Gate88 the Digger (Gargoyle Earth Elementalist)     Turns: 4392, Time: 00:08:02

Health: -3/32      AC:  8    Str: 17    XL:     6   Next: 88%
Magic:  2/9        EV: 11    Int: 18    God:
Gold:   144        SH:  0    Dex: 10    Spells: 3/9 levels left

rFire   . . .      SeeInvis +   i - +0 dagger
rCold   . . .      Faith    .   (no shield)
rNeg    + . .      Spirit   .   a - +1 robe
rPois   ∞          Reflect  .   (no helmet)
rElec   +          Harm     .   (no cloak)
rCorr   +          Rampage  .   (no gloves)
Will    .....                   p - +0 pair of boots
Stlth   +++.......              (no amulet)
HPRegen 0.10/turn               e - +6 ring of strength
MPRegen 0.11/turn               q - ring "Jaiq Tem" {Contam rCorr SInv Stlth+}

@: no status effects
A: sickness immunity, AC +4, negative energy resistance 1, electricity
resistance, torment resistance 1, petrification resistance
a: no special abilities


You were on level 5 of the Dungeon.
You visited 1 branch of the dungeon, and saw 5 of its levels.

You collected 144 gold pieces.

Inventory:

Hand Weapons
 i - a +0 dagger (weapon)
Missiles
 r - 9 boomerangs
 F - 2 poisoned darts
Armour
 a - a +1 robe (worn)
 p - a +0 pair of boots (worn)
 w - a +0 ring mail
Jewellery
 e - a +6 ring of strength (left hand)
 q - the ring "Jaiq Tem" (right hand) {Contam rCorr SInv Stlth+}
   (You found it on level 2 of the Dungeon)

   [ring of see invisible]

   SInv:      It lets you see invisible.
   Contam:    It causes magical contamination when unequipped.
   rCorr:     It protects you from acid and corrosion.
   Stlth:     It makes you more stealthy.
Scrolls
 c - 2 scrolls of enchant armour
 f - a scroll of summoning {unknown}
 j - 4 scrolls of immolation {unknown}
 k - a scroll of vulnerability {unknown}
 l - 3 scrolls of amnesia {unknown}
 n - 2 scrolls of magic mapping {unknown}
 o - a scroll of torment {unknown}
 u - 2 scrolls of identify {unknown}
 v - a scroll of blinking {unknown}
 B - a scroll of fear {unknown}
Potions
 b - 2 potions of magic
 d - a potion of mutation {unknown}
 g - a potion of heal wounds {unknown}
 h - 3 potions of attraction {unknown}
 m - 3 potions of curing {unknown}
 s - a potion of ambrosia {unknown}
 t - a potion of berserk rage {unknown}
 x - 2 potions of cancellation {unknown}
 z - a potion of haste {unknown}
 A - a potion of invisibility {unknown}
 C - a potion of lignification {unknown}
 D - a potion of resistance {unknown}
 E - a potion of brilliance {unknown}


   Skills:
 - Level 1.5 Dodging
 - Level 2.1 Stealth
 - Level 2.0 Spellcasting
 + Level 2.7 Conjurations
 + Level 2.9 Transmutations
 * Level 7.1 Earth Magic


You had 3 spell levels left.
You knew the following spells:

 Your Spells              Type           Power      Damage    Failure   Level
a - Sandblast             Erth           54%        2d13      1%          1
b - Stone Arrow           Conj/Erth      38%        3d9       7%          3
p - Passwall              Tmut/Erth      16%        N/A       3%          2

Your spell library contained the following spells:

 Spells                   Type           Power      Damage    Failure   Level
 Apportation              Tloc           2%         N/A       19%         1
 Necrotise                Necr           4%         1d4       19%         1
 Summon Small Mammal      Summ           4%         N/A       19%         1
 Petrify                  Tmut/Erth      20%        N/A       22%         4


Dungeon Overview and Level Annotations

Branches:
Dungeon (5/15)
 Temple: D:4-7

Altars:
Makhleb
Ru

Shops:
D:4 *

Annotations:
D:3 exclusion: downstairs
D:4 3 runed translucent doors, exclusions: downstairs and orc warrior, Eustachio; birdmanesq's ghost, amateur MiFi
D:5 Edmund


Innate Abilities, Weirdness & Mutations

You are immune to sickness and miasma.
Your stone body is resilient. (AC +4)
You are immune to poison.
You resist negative energy. (rN+)
You are resistant to electric shocks. (rElec)
You are resistant to unholy torment.
You are immune to petrification.


Message History

The blast of sand hits the wight!
The wight is severely damaged.
The wight hits you with a +4 long sword.
Casting: Sandblast (safe; 1% risk of failure)
Confirm with . or Enter, or press ? or * to list all spells.
Aiming: Sandblast (safe; 1% risk of failure)
Press: ? - help, Shift-Dir - straight line, f/p - wight
Aim: a wight, wielding a +4 long sword and wearing a +0 robe (severely damaged, 83% to hit)
The blast of sand hits the wight.
The wight is almost destroyed.
The wight hits you with a +4 long sword.
* * * LOW HITPOINT WARNING * * *
The wight hits you but does no damage.
Casting: Sandblast (safe; 1% risk of failure)
Confirm with . or Enter, or press ? or * to list all spells.
Aiming: Sandblast (safe; 1% risk of failure)
Press: ? - help, Shift-Dir - straight line, f/p - wight
Aim: a wight, wielding a +4 long sword and wearing a +0 robe (almost destroyed, 83% to hit)
The blast of sand misses the wight.
The wight hits you with a +4 long sword.
* * * LOW HITPOINT WARNING * * *
Casting: Sandblast (safe; 1% risk of failure)
Confirm with . or Enter, or press ? or * to list all spells.
Aiming: Sandblast (safe; 1% risk of failure)
Press: ? - help, Shift-Dir - straight line, f/p - wight
Aim: a wight, wielding a +4 long sword and wearing a +0 robe (almost destroyed, 83% to hit)
The blast of sand hits the wight but does no damage.
The wight is almost destroyed.
The wight hits you with a +4 long sword!
* * * LOW HITPOINT WARNING * * *
The wight hits you but does no damage.
Casting: Sandblast (safe; 1% risk of failure)
Confirm with . or Enter, or press ? or * to list all spells.
Aiming: Sandblast (safe; 1% risk of failure)
Press: ? - help, Shift-Dir - straight line, f/p - wight
Aim: a wight, wielding a +4 long sword and wearing a +0 robe (almost destroyed, 83% to hit)
The blast of sand hits the wight but does no damage.
The wight is almost destroyed.
The wight hits you with a +4 long sword.
You die...

#.# # #.# .. #. #.#
.### # #.. ... ...
...#.#..##.##.##
....#'#...<.....#
..........z...#.#.#
...........@......#
#........##.######.
#..................
#...........#######
#........####
#########...#
#...........#
#........[..#
##...........########


You could see a wight.

Vanquished Creatures
  A phantom (D:5)
  A hound (D:4)
  2 jellies
  2 iguanas
  2 orc wizards
  Terence (D:2)
  4 adders
  An ufetubus (D:4)
  A dart slug (D:3)
  6 orcs (D:3)
  5 ball pythons
  2 bats
  4 endoplasms
  5 giant cockroaches
  3 goblins
  5 hobgoblins
  6 jackals
  3 quokkas
  2 frilled lizards
  5 kobolds
  6 rats
67 creatures vanquished.

Notes
Turn   | Place    | Note
-------+----------+-------------------------------------------
     0 | D:1      | Gate88 the Gargoyle Earth Elementalist began the quest for
                  | the Orb.
     0 | D:1      | Reached XP level 1. HP: 10/10 MP: 3/3
   373 | D:1      | Found a faded altar of an unknown god.
   416 | D:1      | Reached skill level 1 in Transmutations
   452 | D:1      | Reached skill level 4 in Earth Magic
   480 | D:1      | Reached XP level 2. HP: 12/15 MP: 0/5
  1027 | D:1      | Learned a level 2 spell: Passwall
  1346 | D:2      | Reached XP level 3. HP: 19/19 MP: 4/6
  1519 | D:2      | Identified the ring "Jaiq Tem" {Contam rCorr SInv Stlth+}
  1524 | D:2      | Reached skill level 5 in Earth Magic
  1567 | D:2      | Noticed Terence
  1589 | D:2      | Killed Terence
  1590 | D:2      | Reached XP level 4. HP: 9/24 MP: 0/7
  1977 | D:3      | Learned a level 3 spell: Stone Arrow
  2277 | D:3      | Found a burning altar of Makhleb.
  2296 | D:3      | You fall into a shaft and drop 2 floors!
  2296 | D:5      | Entered Level 5 of the Dungeon
  2299 | D:5      | Reached skill level 1 in Conjurations
  2299 | D:5      | Reached XP level 5. HP: 28/28 MP: 6/8
  2318 | D:5      | Noticed Edmund
  2435 | D:4      | Noticed birdmanesq's ghost (amateur MiFi)
  2439 | D:4      | Found a runed translucent gate.
  2439 | D:4      | Found a runed translucent gate.
  2439 | D:4      | Found a runed translucent gate.
  2461 | D:4      | Reached skill level 6 in Earth Magic
  2567 | D:4      | Found Fiumnumomu's Assorted Antiques.
  2976 | D:4      | Found a sacrificial altar of Ru.
  2986 | D:4      | Reached XP level 6. HP: 29/32 MP: 4/9
  3529 | D:4      | Noticed an orc warrior
  3539 | D:4      | Noticed Eustachio
  4277 | D:5      | Reached skill level 7 in Earth Magic
  4391 | D:5      | HP: 1/32 [wight/+4 long sword (11)]
  4392 | D:5      | Slain by a wight

Illustrated notes

Levels and vault maps discovered:
D:1:      tarquinn_simple_flora_water_c, layout_basic,
          ebering_ecumenical_altar_hall
D:2:      layout_rooms, uniq_terence
D:3:      layout_basic, mainiacjoe_overflow_brackets
D:4:      layout_layer_cave, nzn_overflow_gifts_of_might_and_magic,
          nicolae_ru_great_annihilating_truth, serial_shops,
          nicolae_shop_crystal, gammafunk_ghost_split, uniq_eustachio
D:5:      layout_basic, nicolae_uskayaw_en_pointe,
          mainiacjoe_overflow_big_doors, uniq_edmund

Skill      XL: |  1  2  3  4  5  6 |
---------------+-------------------+-----
Transmutations | 1 2 |  2.9
Earth Magic    | 4 5 6 7 |  7.1
Conjurations   | 1 2 |  2.7
Dodging        | |  1.5
Stealth        | |  2.1
Spellcasting   | |  2.0

Action                   |  1- 3 |  4- 6 || total
-------------------------+-------+-------++-------
Melee: Unarmed           |     4 |       ||     4
       Dagger            |     6 |    22 ||    28
       Punch             |     1 |       ||     1
 Cast: Sandblast         |    45 |    64 ||   109
  Use: Scroll            |     1 |       ||     1
 Stab: Sleeping          |       |     3 ||     3
Armor: Robe              |    19 |    25 ||    44
Dodge: Dodged            |    25 |    22 ||    47
